cohdb
Replays
Latest Replays
All Replays
Popular Replays
Top Player Replays
Match Explorer
How It Works
Community
CoH3 Stats
Reddit
Sign in to upload your games and track your stats! →
Sign in with Steam
Match 45496287
Unlisted
Match 45496287
Overview
Messages
Build Orders
End
Construct Infanterie Kompanie
Grenadier Squad
Grenadier Squad
Grenadier Squad
Infanterie Officer Quarters
Selects Luftwaffe Battlegroup
Grenadier Squad
Selects Stuka Strafing Run
Stuka Strafing Run
Construct Panzergrenadier Kompanie
Selects Luftwaffe Pioneer Support
251 Medium Carrier
Seiun Sky
【嗜血狼族】灵狐魅儿
优势
NP97
Cpt Darling
jwalker987
Joma & Makao
0
0
Comments
sign in to comment!
No comments posted yet!